 Dungeon Crawl Stone Soup version 0.17.0-24-gcfadda4 (webtiles) character file.

1929 zarick13 the Cleaver (level 9, -4/68 HPs)
             Began as a Hill Orc Gladiator on Nov 18, 2015.
             Was a Priest of Beogh.
             Slain by an orc warrior
             ... wielding a +0 long sword
              (7 damage)
             ... on level 7 of the Dungeon.
             The game lasted 00:13:57 (5952 turns).

zarick13 the Cleaver (Hill Orc Gladiator)           Turns: 5952, Time: 00:13:57

Health: -4/68      AC: 14    Str: 21    XL:     9   Next: 17%
Magic:  13/13      EV:  7    Int:  8    God:    Beogh [***...]
Gold:   288        SH:  0    Dex: 11    Spells: 0 memorised, 8 levels left

rFire  . . .     SeeInvis .     a - +1 war axe
rCold  . . .     Clarity  .     r - +0 chain mail
rNeg   . . .     SustAt   .     (no shield)
rPois  .         Gourm    .     c - +0 helmet
rElec  .         Spirit   .     (no cloak)
rCorr  .         Warding  .     f - +0 pair of gloves
rMut   .         Stasis   .     (no boots)
MR     .....                    m - amulet of faith
Stlth  ..........               d - +3 ring of protection
                                o - ring of wizardry

@: lethally poisoned (-4 -> -12), very heavily drained, not resistant to hostile
enchantments, extremely unstealthy
A: no striking features
a: Smiting, Renounce Religion


You were on level 7 of the Dungeon.
You worshipped Beogh.
Beogh was most pleased with you.
You were not hungry.

You visited 1 branch of the dungeon, and saw 7 of its levels.

You collected 288 gold pieces.

Inventory:

Hand Weapons
 a - a +1 war axe (weapon)
Armour
 c - a +0 helmet (worn)
 f - a +0 pair of gloves (worn)
 k - a +3 leather armour
 r - a +0 chain mail (worn)
Jewellery
 d - a +3 ring of protection (right hand)
 i - an uncursed amulet of resist mutation
 m - an amulet of faith (around neck)
 o - a ring of wizardry (left hand)
 s - an uncursed ring of teleportation
Scrolls
 b - a scroll of blinking
 u - a scroll of teleportation
Potions
 h - a potion of cancellation
 l - a potion of invisibility
 p - a potion of cure mutation {unknown}
 q - 2 potions of heal wounds
 t - a potion of mutation {unknown}
 w - a potion of haste {unknown}
Comestibles
 e - 3 bread rations
 n - 4 meat rations
 v - 2 fruits
 x - a slice of pizza


   Skills:
 - Level 2.4(0.0) Fighting
 * Level 13.9(7.5) Axes
 - Level 1.7(0.0) Throwing
 - Level 2.4(0.0) Dodging
 - Level 5.5(0.3) Invocations


You had 8 spell levels left.
You didn't know any spells.

Dungeon Overview and Level Annotations

Branches:
Dungeon (7/15)             Temple (0/1) D:4

Altars:
Cheibriados
Elyvilon
Fedhas
Gozag
Xom
Yredelemnul

Shops:
D:6 (


Message History

Beogh accepts your kill.
* * * LOW HITPOINT WARNING * * *
You feel sick.
A jackal skeleton comes into view.
You slash the orc!
You kill the orc!
Beogh accepts your kill.
* * * LOW HITPOINT WARNING * * *
You feel sick.
The jackal skeleton moves out of view.
The orc warrior barely misses you.
An orc comes into view. It is wielding a short sword.
You closely miss the orc warrior.
* * * LOW HITPOINT WARNING * * *
You feel sick. The orc falls on its knees before you.
It shouts, "Surely Beogh must have sent you!"
Something closely misses your orc.
Your orc barely misses the orc warrior.
The orc warrior hits you with a long sword!
You die...
Beogh appreciates the orc warrior's killing of a heretic priest.

#. #.# #.#
#.# #.# #.#
# #.###
#...###oo.#
.....o.<#@#
......yy#..+
....o.o.####
....Z...#
.....o..+
.........
.......o.
..!......


You could see an orc warrior and a friendly orc.

Vanquished Creatures
  A sky beast (D:6)
  A phantom (D:5)
  6 ogres
  2 centaurs
  3 giant frogs (D:6)
  A crimson imp (D:6)
  2 killer bees (D:7)
  2 jellies
  A hound (D:5)
  4 orc wizards
  2 iguanas
  4 orc priests
  A giant frog skeleton (D:4)
  A quasit (D:6)
  3 worker ants
  A killer bee zombie (D:6)
  2 hound zombies
  7 adders
  3 gnolls (D:4)
  4 shadow imps
  2 oozes
  A worm (D:3)
  4 giant geckos
  19 orcs
  6 hobgoblins
  20 jackals
  4 quokkas
  A ball python (D:1)
  5 bats
  3 giant cockroaches
  7 giant newts
  6 goblins
  8 kobolds
  A rat (D:1)
138 creatures vanquished.

Vanquished Creatures (others)
  An orc wizard (D:7)
  A worm (D:3)
  4 orcs
  2 jackals (D:4)
  A kobold (D:3)
  A goblin (D:3)
10 creatures vanquished.

Grand Total: 148 creatures vanquished

Notes
Turn   | Place    | Note
--------------------------------------------------------------
     0 | D:1      | zarick13 the Hill Orc Gladiator began the quest for the Orb.
     0 | D:1      | Reached XP level 1. HP: 18/18 MP: 1/1
     3 | D:1      | Noticed an electric eel
     3 | D:1      | Noticed an electric eel
   107 | D:1      | Reached XP level 2. HP: 22/25 MP: 2/2
   188 | D:1      | Reached skill level 5 in Axes
   301 | D:1      | Reached XP level 3. HP: 20/30 MP: 3/3
   649 | D:2      | Reached skill level 6 in Axes
   857 | D:2      | Reached XP level 4. HP: 37/37 MP: 4/4
  1009 | D:2      | Found a snail-covered altar of Cheibriados.
  1166 | D:3      | Became a worshipper of Beogh the Brigand
  1173 | D:3      | Reached skill level 7 in Axes
  1178 | D:3      | Reached XP level 5. HP: 38/42 MP: 5/5
  1844 | D:4      | Noticed an ogre
  1854 | D:4      | Killed an ogre
  1854 | D:4      | Reached skill level 8 in Axes
  1854 | D:4      | Reached XP level 6. HP: 50/50 MP: 6/6
  1919 | D:4      | Reached * piety under Beogh
  1919 | D:4      | Reached skill level 9 in Axes
  2349 | D:4      | Found a staircase to the Ecumenical Temple.
  2356 | D:4      | Reached skill level 10 in Axes
  2356 | D:4      | Reached XP level 7. HP: 56/56 MP: 7/7
  2689 | D:5      | Entered Level 5 of the Dungeon
  3027 | D:5      | Reached skill level 11 in Axes
  3291 | D:5      | Reached ** piety under Beogh
  3547 | D:5      | Reached skill level 12 in Axes
  3547 | D:5      | Reached XP level 8. HP: 52/62 MP: 8/8
  3730 | D:5      | Found an opulent altar of Gozag.
  3786 | D:5      | Reached skill level 1 in Invocations
  4057 | D:6      | Reached skill level 5 in Invocations
  4388 | D:6      | Beogh protects you from harm!
  4943 | D:6      | Reached skill level 13 in Axes
  5084 | D:6      | Reached XP level 9. HP: 35/68 MP: 13/13
  5640 | D:6      | Found Bigruh's Weapon Shop.
  5775 | D:6      | Found a shimmering altar of Xom.
  5776 | D:6      | Found a blossoming altar of Fedhas.
  5778 | D:6      | Found a basalt altar of Yredelemnul.
  5779 | D:6      | Found a white marble altar of Elyvilon.
  5880 | D:6      | Reached *** piety under Beogh
  5952 | D:7      | HP: 3/68 [poisoned by a killer bee]
  5952 | D:7      | Slain by an orc warrior

Action                   |  1- 3 |  4- 6 |  7- 9 || total
-------------------------+-------+-------+-------++-------
Melee: War axe           |   105 |   126 |   331 ||   562
Throw: Throwing net      |       |     2 |     2 ||     4
Invok: Convert to Beogh  |       |     1 |       ||     1
       Smiting           |       |       |     3 ||     3
  Use: Scroll            |     6 |     5 |     5 ||    16
       Potion            |       |       |     3 ||     3
  Eat: Chunk             |       |     5 |     4 ||     9
       Royal jelly       |       |       |     1 ||     1
       Fruit             |       |       |     2 ||     2
       Bread ration      |       |       |     1 ||     1
